 Dungeon Crawl Stone Soup version 0.18.1-8-gdd0e5ea (webtiles) character file.

71 Musica the Firebug (level 4, -14/24 HPs)
             Began as a Deep Elf Fire Elementalist on May 22, 2016.
             Demolished by Robin
             ... wielding a +6 mace of distortion
              (22 damage)
             ... on level 3 of the Dungeon.
             The game lasted 00:06:32 (1870 turns).

Musica the Firebug (Deep Elf Fire Elementalist)     Turns: 1870, Time: 00:06:33

Health: -14/24     AC:  2    Str:  5    XL:     4   Next: 5%
Magic:  5/12       EV: 13    Int: 18    God:
Gold:   98         SH:  0    Dex: 15    Spells: 3 memorised, 5 levels left

rFire  . . .     SeeInvis .     h - +1 short sword
rCold  . . .     Gourm    .     a - +0 robe
rNeg   . . .     Faith    .     (no shield)
rPois  .         Spirit   .     (no helmet)
rElec  .         Dismiss  .     (no cloak)
rCorr  .         Reflect  .     (no gloves)
SustAt .         Harm     .     (no boots)
MR     .....                    (no amulet)
Stlth  ++........               (no ring)
                                j - -3 ring of intelligence (curse)

@: not resistant to hostile enchantments, unstealthy
A: no striking features
a: no special abilities


You were on level 3 of the Dungeon.
You were not hungry.

You visited 1 branch of the dungeon, and saw 3 of its levels.

You collected 98 gold pieces.

Inventory:

Hand Weapons
 h - a +1 short sword (weapon)
Missiles
 g - 15 sling bullets
 l - a throwing net (quivered)
Armour
 a - a +0 robe (worn)
Jewellery
 j - a cursed -3 ring of intelligence (left hand)
Scrolls
 e - a scroll of recharging
 n - a scroll of fear
Potions
 d - a potion of berserk rage {unknown}
 f - a potion of curing {unknown}
 i - a potion of ambrosia {unknown}
 m - a potion of lignification {unknown}
Books
 b - a book of Flames

   Spells                             Type                      Level
   a - Flame Tongue                   Conjuration/Fire             1
   b - Throw Flame                    Conjuration/Fire             2
   c - Conjure Flame                  Conjuration/Fire             3
   d - Inner Flame                    Hexes/Fire                   3
   e - Sticky Flame                   Conjuration/Fire             4
   f - Fireball                       Conjuration/Fire             5
Comestibles
 c - a bread ration
 k - a meat ration
 o - 2 chunks of flesh


   Skills:
 - Level 2.4 Dodging
 - Level 2.4 Stealth
 + Level 4.0 Spellcasting
 * Level 2.2 Conjurations
 + Level 4.3 Fire Magic


You had 5 spell levels left.
You knew the following spells:

 Your Spells              Type           Power        Failure   Level  Hunger
a - Flame Tongue          Conj/Fire      ###..        4%          1    None
b - Throw Flame           Conj/Fire      ###...       8%          2    ##.....
c - Conjure Flame         Conj/Fire      ###.....     14%         3    ###....


Dungeon Overview and Level Annotations

Branches:
Dungeon (3/15)

Altars:
Dithmenos
The Shining One

Annotations:
D:3 Robin


Message History

The hobgoblin hits you with a club.
Robin drinks a potion.
Robin seems to grow stronger.
Casting: Flame Tongue
Confirm with . or Enter, or press ? or * to list all spells.
Aiming: Flame Tongue
Press: ? - help, Shift-Dir - straight line, f/p - hobgoblin
Aim: a hobgoblin, wielding a club (severely wounded, unusually strong)
The flame tongue hits the hobgoblin.
You kill the hobgoblin!
Casting: Flame Tongue
Confirm with . or Enter, or press ? or * to list all spells.
Aiming: Flame Tongue
Press: ? - help, Shift-Dir - straight line, f - Robin
Aim: Robin, wielding a mace of distortion, wearing an animal skin and wearing a helmet (unusually strong)
The flame tongue hits Robin.
Robin appears unharmed.
Robin hits you with a mace of distortion!
Ouch! That really hurt!
Space warps horribly around you!
Ouch! That really hurt!
You die...

#.......# ........#
....... .......
....... #. .......
#.######### .......
#.#.g.gggg. .......
#.#g#
.......######.#@#
.......<....#...#
........###.#...#####
#####+#.# #.#.......#
#.###.#..####.#
#.#...#..# #.#.###..#
#........# #.######.#


You could see Robin and a hobgoblin.

Vanquished Creatures
  2 adders (D:2)
  An ooze (D:1)
  3 worms (D:2)
  A dart slug (D:1)
  2 giant geckos
  2 ball pythons (D:2)
  2 hobgoblins
  7 bats
  3 giant newts
  7 goblins
  4 kobolds
  4 rats
38 creatures vanquished.

Notes
Turn   | Place    | Note
--------------------------------------------------------------
     0 | D:1      | Musica the Deep Elf Fire Elementalist began the quest for the Orb.
     0 | D:1      | Reached XP level 1. HP: 10/10 MP: 6/6
    75 | D:2      | Found a shadowy altar of Dithmenos.
   190 | D:1      | Reached XP level 2. HP: 15/15 MP: 5/8
   194 | D:1      | Learned a level 2 spell: Throw Flame
   957 | D:2      | Found a faded altar to an unknown god.
  1023 | D:2      | Reached XP level 3. HP: 19/19 MP: 6/9
  1028 | D:2      | Learned a level 3 spell: Conjure Flame
  1389 | D:2      | Found a glowing golden altar of the Shining One.
  1852 | D:3      | Reached XP level 4. HP: 24/24 MP: 10/12
  1862 | D:3      | Noticed Robin
  1870 | D:3      | Demolished by Robin

Skill      XL: |  1  2  3 |
---------------+----------+-----
Fire Magic     | 4 |  4.3
Conjurations   | 2 |  2.2
Spellcasting   | 4 |  4.0
Dodging        | |  2.4
Stealth        | |  2.4

Action                   |  1- 3 |  4- 6 || total
-------------------------+-------+-------++-------
 Cast: Flame Tongue      |    66 |     8 ||    74
       Throw Flame       |     2 |       ||     2
       Conjure Flame     |     1 |       ||     1
  Use: Scroll            |     5 |       ||     5
  Eat: Chunk             |     2 |     1 ||     3
Armor: Robe              |     6 |       ||     6
Dodge: Dodged            |    20 |     2 ||    22
